 Dungeon Crawl Stone Soup version 0.17.0-24-gcfadda4 (webtiles) character file.

750 Raultor the Cutter (level 7, -1/38 HPs)
             Began as a Vine Stalker Berserker on Nov 17, 2015.
             Was a Priest of Trog.
             Slain by an iguana (4 damage)
             ... on level 6 of the Dungeon.
             The game lasted 00:14:21 (3658 turns).

Raultor the Cutter (Vine Stalker Berserker)         Turns: 3658, Time: 00:14:21

Health: -1/38      AC:  6    Str: 19    XL:     7   Next: 78%
Magic:  0/8        EV: 13    Int:  8    God:    Trog [***...]
Gold:   249        SH:  3    Dex: 15    Spells: 0 memorised, 6 levels left

rFire  . . .     SeeInvis .     a - +0 short sword
rCold  . . .     Clarity  .     y - +0 leather armour
rNeg   . . .     SustAt   .     E - +0 buckler
rPois  .         Gourm    .     z - +0 helmet
rElec  .         Spirit   +     h - +0 cloak
rCorr  .         Warding  .     i - +0 pair of gloves
rMut   .         Stasis   .     (no boots)
MR     .....                    (no amulet)
Stlth  ++........               (no ring)
                                u - ring of stealth

@: not resistant to hostile enchantments, unstealthy
A: fangs 2, regeneration 2, magic shield, antimagic bite, no device heal 3, rot
immunity
a: Berserk, Trog's Hand, Burn Spellbooks, Renounce Religion


You were on level 6 of the Dungeon.
You worshipped Trog.
Trog was most pleased with you.
You were not hungry.

You visited 2 branches of the dungeon, and saw 7 of its levels.

You collected 312 gold pieces.
You spent 63 gold pieces at shops.

Inventory:

Hand Weapons
 a - a +0 short sword (weapon)
Missiles
 l - 2 throwing nets (quivered)
Armour
 h - a +0 cloak (worn)
 i - a +0 pair of gloves (worn)
 y - a +0 leather armour (worn)
 z - a +0 helmet (worn)
 E - a +0 buckler (worn)
Jewellery
 u - a ring of stealth (left hand)
 B - an uncursed ring of teleportation
 C - an uncursed amulet of warding {unknown}
Wands
 F - a wand of digging (14)
Scrolls
 b - a scroll of magic mapping {unknown}
 d - 8 scrolls of identify
 f - 3 scrolls of teleportation
 j - a scroll of fog {unknown}
 k - 2 scrolls of random uselessness {unknown}
 o - 2 scrolls of blinking {unknown}
 q - 2 scrolls of noise {unknown}
 v - 5 scrolls of remove curse
 w - 2 scrolls of enchant weapon {unknown}
 A - a scroll of recharging {unknown}
Potions
 e - a potion of haste {unknown}
 g - a potion of invisibility {unknown}
 p - 2 potions of might {unknown}
 r - 3 potions of heal wounds {unknown}
 s - a potion of beneficial mutation {unknown}
 t - a potion of degeneration {unknown}
 x - a potion of flight {unknown}
 D - a potion of agility {unknown}
Comestibles
 c - 4 bread rations
 m - a meat ration
 n - 2 beef jerkies


   Skills:
 + Level 4.3 Fighting
 + Level 4.6 Short Blades
 + Level 2.8 Armour
 + Level 4.6 Dodging
 - Level 0.3 Stealth


You had 6 spell levels left.
You didn't know any spells.

Dungeon Overview and Level Annotations

Branches:
Dungeon (6/15)             Temple (1/1) D:4

Altars:
Cheibriados
Dithmenos
Elyvilon
Gozag
Kikubaaqudgha
Makhleb
Nemelex Xobeh
Okawaru
Qazlal
Ru
Sif Muna
Trog
Vehumet
Xom
Yredelemnul
Zin
The Shining One

Shops:
D:4 *


Innate Abilities, Weirdness & Mutations

You have extremely sharp teeth.
You heal very quickly.
When hurt, damage is shared between your health and your magic reserves.
Your bite disrupts and absorbs the magic of your enemies.
Potions and wands cannot restore your health.
You are immune to rotting.


Message History

The iguana is severely wounded.
The iguana bites you but does no damage.
You hit the iguana but do no damage.
The iguana is severely wounded.
The iguana bites you!
* * * LOW HITPOINT WARNING * * *
You closely miss the iguana. Your bite misses the iguana.
The iguana is severely wounded.
The iguana completely misses you.
You barely miss the iguana.
The iguana is severely wounded.
The iguana barely misses you.
You hit the iguana but do no damage. You bite the iguana, but do no damage.
The iguana is severely wounded.
The iguana closely misses you.
You hit the iguana but do no damage. You bite the iguana. You drain its power.
You feel invigorated.
The iguana is almost dead.
The iguana bites you.
You die...

#.#
#####.#####
..#.....<...#
........###.#
#######.# .#
#.###.###.#
#.........#
####.######
#@# #l# ..#
...# .....
##...# ##..#
##.#


You could see an iguana.

Vanquished Creatures
  Sigmund (D:2)
  The ghost of BobbyTwoHands the Caller, an amateur NaSu (D:5)
  A scorpion (D:4)
  A water moccasin skeleton (D:4)
  A centaur zombie (D:5)
  3 hounds
  A giant frog skeleton (D:4)
  Jessica (D:2)
  An orc wizard (D:3)
  3 worker ants (D:4)
  A gnoll (D:2)
  5 adders
  3 worms (D:2)
  5 giant geckos
  9 orcs
  A ball python (D:1)
  3 giant cockroaches
  6 hobgoblins
  3 jackals (D:3)
  10 bats
  A giant gecko skeleton (D:4)
  5 giant newts
  8 goblins
  5 kobolds
  3 quokkas
  6 rats
88 creatures vanquished.

Notes
Turn   | Place    | Note
--------------------------------------------------------------
     0 | D:1      | Raultor the Vine Stalker Berserker began the quest for the Orb.
     0 | D:1      | Reached XP level 1. HP: 11/11 MP: 2/2
    83 | D:1      | Reached skill level 3 in Short Blades
   116 | D:1      | Reached XP level 2. HP: 14/16 MP: 3/3
   250 | D:1      | Reached ** piety under Trog
   459 | D:1      | Reached XP level 3. HP: 20/20 MP: 4/4
   663 | D:2      | Noticed Jessica
   672 | D:2      | Killed Jessica
   672 | D:2      | Reached XP level 4. HP: 19/24 MP: 3/5
   812 | D:2      | Noticed Sigmund
   827 | D:2      | Killed Sigmund
   827 | D:2      | Reached skill level 4 in Short Blades
   827 | D:2      | Reached XP level 5. HP: 16/29 MP: 6/6
   827 | D:2      | Gained mutation: You heal very quickly. [Vine Stalker growth]
   827 | D:2      | Reached XP level 6. HP: 18/33 MP: 7/7
  1749 | D:3      | Found a white marble altar of Elyvilon.
  1749 | D:3      | Found an opulent altar of Gozag.
  1879 | D:3      | Found a radiant altar of Vehumet.
  1881 | D:3      | Found a glowing golden altar of the Shining One.
  1881 | D:3      | Found a stormy altar of Qazlal.
  1903 | D:3      | Reached *** piety under Trog
  2482 | D:4      | Found a staircase to the Ecumenical Temple.
  2513 | Temple   | Entered the Ecumenical Temple
  2662 | D:4      | Reached XP level 7. HP: 37/37 MP: 8/8
  2842 | D:4      | Found Pygergh's General Store.
  2865 | D:4      | Bought a +0 helmet for 63 gold pieces
  3126 | D:5      | Entered Level 5 of the Dungeon
  3190 | D:5      | Noticed BobbyTwoHands's ghost (amateur NaSu)
  3208 | D:5      | Killed BobbyTwoHands's ghost
  3654 | D:6      | HP: 1/38 [iguana (6)]
  3658 | D:6      | Slain by an iguana

Action                   |  1- 3 |  4- 6 |  7- 9 || total
-------------------------+-------+-------+-------++-------
Melee: Short sword       |    86 |   159 |    80 ||   325
Invok: Berserk           |       |     2 |       ||     2
       Trog's Hand       |       |     1 |       ||     1
  Use: Scroll            |       |     3 |       ||     3
 Stab: Sleeping          |     2 |     9 |     4 ||    15
       Distracted        |       |     1 |       ||     1
  Eat: Chunk             |       |     7 |       ||     7
       Meat ration       |       |       |     1 ||     1
